Map: 环轨星港

Players

shengy - Winner!

  • Race: Zerg Zerg
  • League: Gold

Greebz

  • Race: Protoss Protoss
  • League: Silver

VOD

Have the link to the VOD?

Description

Time

  • Played on: Nov. 27, 2015, 12:25 a.m.
  • Length: 12:50
Show
View Real Time Build Order
Export as new Build Order

shengy Zerg - Winner!

Build Orders: 3 Hatch before Pool, Roach Nydus 

Get SALT Encoding   

  12  0:01  Drone  
  13  0:10  Drone  
  14  0:17  Overlord  
  14  0:35  Drone x3  
  17  0:47  Drone  
  18  0:58  Hatchery  
  18  1:01  Drone  
  18  1:14  Drone  
  19  1:21  Drone  
  20  1:35  Drone  
  21  1:40  Overlord  
  21  1:43  Hatchery  
  20  1:52  Spawning Pool  
  19  2:04  Drone  
  19  2:06  Extractor  
  19  2:19  Drone  
  19  2:20  Drone  
  19  2:21  Drone  
  22  2:23  Drone x2  
  24  2:34  Drone  
  24  2:36  Drone  
  26  2:45  Drone  
  26  2:48  Drone  
  28  2:53  Roach Warren  
  28  2:55  Drone x3  
  28  2:56  Queen  
  32  3:00  Queen  
  34  3:06  Zergling x4  
  36  3:14  Overlord  
  36  3:15  Overlord  
  36  3:18  Drone  
  37  3:33  Lair  
  37  3:40  Queen  
  39  3:42  Drone  
  39  3:44  Extractor  
  39  3:46  Extractor  
  37  3:51  Roach x3  
  37  3:52  Roach  
  37  3:54  Drone  
  46  3:57  Drone x3  
  49  4:14  Overlord x2  
  49  4:15  Overlord x2  
  49  4:32  Queen  
  51  4:40  Roach x5  
  51  4:41  Roach x3  
  66  5:02  Ravager  
  66  5:04  Ravager  
  68  5:07  Overlord  
  68  5:18  Extractor, Drone x6  
  68  5:19  Drone x3  
  68  5:20  Drone x3  
  68  5:21  Drone x3  
  82  5:34  Overseer  
  82  5:52  Nydus Network  
  82  5:55  Drone x4  
  85  5:57  Glial Reconstitution, Hatchery  
  84  6:13  Overlord x2  
  84  6:14  Overlord x2  
  84  6:25  Evolution Chamber x2  
  82  6:37  Roach  
  82  6:38  Roach x6  
  82  6:39  Roach x7  
  110  6:41  Ravager  
  110  6:42  Ravager x2  
  113  6:48  Overseer  
  113  6:52  Zergling x2  
  113  6:53  Metabolic Boost  
  114  7:09  Queen  
  116  7:18  Zerg Missile Weapons Level 1, Zerg Ground Armor Level 1  
  116  7:23  Overlord x2  
  116  7:34  Extractor, Drone  
  116  7:35  Drone x4  
  116  7:36  Drone x8  
  128  7:38  Overlord  
  128  7:47  Nydus Canal  
  128  7:52  Hatchery, Extractor  
  128  7:54  Extractor  
  115  8:32  Extractor  
  114  8:38  Hydralisk Den  
  114  8:39  Infestation Pit  
  114  8:41  Drone x5  
  114  8:44  Drone x4  
  114  8:45  Drone x4  
  125  9:18  Roach  
  125  9:19  Hydralisk  
  125  9:20  Hydralisk x2  
  125  9:21  Hydralisk x5  
  125  9:22  Hydralisk x7  
  157  9:26  Extractor, Overlord x4  
  157  9:27  Hatchery, Overlord  
  155  9:31  Extractor  
  154  9:47  Hive  
  154  9:53  Queen  
  156  10:10  Overlord  
  156  10:16  Spire  
  155  10:22  Queen x2  
  155  10:27  Hatchery  
  155  10:28  Hatchery  
  157  10:30  Ravager x2  
  157  10:31  Ravager x3  
  157  10:35  Muscular Augments  
  107  11:06  Roach  
  107  11:07  Roach x2  
  107  11:08  Roach x10  
  107  11:09  Roach x10  
  107  11:10  Roach x10  
  158  11:44  Drone x6  
  158  11:45  Drone x2  
  158  11:46  Ultralisk Cavern  
  165  12:11  Drone x4  
  165  12:12  Drone x2  
  171  12:16  Mutalisk  
  171  12:17  Mutalisk x6  
  171  12:18  Mutalisk x7  
Show
View Real Time Build Order
Export as new Build Order

Greebz Protoss 

Build Orders:  

Get SALT Encoding   

  12  0:01  Probe (Chrono Boost)  
  13  0:13  Pylon  
  13  0:17  Probe (Chrono Boost)  
  14  0:31  Gateway  
  14  0:36  Probe (Chrono Boost)  
  15  0:46  Probe (Chrono Boost)  
  16  0:50  Assimilator  
  16  1:04  Pylon  
  16  1:05  Probe (Chrono Boost)  
  17  1:16  Probe (Chrono Boost)  
  18  1:22  Cybernetics Core  
  18  1:26  Probe (Chrono Boost)  
  19  1:37  Probe (Chrono Boost)  
  20  1:47  Probe (Chrono Boost)  
  20  1:48  Assimilator  
  21  1:58  Probe (Chrono Boost)  
  22  2:18  Mothership Core (Chrono Boost)  
  26  2:47  Warp Gate (Chrono Boost)  
  26  3:01  Adept (Chrono Boost)  
  26  3:04  Gateway  
  26  3:06  Gateway  
  26  3:08  Gateway  
  26  3:22  Adept  
  27  3:45  Adept  
  29  4:12  Adept (Chrono Boost)  
  31  4:27  Pylon  
  31  4:28  Pylon  
  31  4:31  Pylon  
  31  4:38  Pylon  
  31  4:45  Pylon  
  27  5:06  Stalker x2  
  31  5:10  Zealot  
  33  5:22  Pylon, Nexus  
  33  5:24  Pylon  
  33  5:30  Stalker x3  
  33  5:31  Stalker  
  41  5:44  Robotics Facility, Probe  
  42  5:56  Probe  
  43  5:57  Nexus  
  43  5:59  Pylon  
  43  6:08  Probe (Chrono Boost)  
  44  6:12  Forge  
  44  6:20  Probe (Chrono Boost)  
  45  6:30  Probe (Chrono Boost)  
  46  6:34  Observer  
  46  6:38  Robotics Bay  
  46  6:39  Protoss Ground Weapons Level 1 (Chrono Boost)  
  47  6:41  Probe (Chrono Boost)  
  47  6:45  Gateway  
  48  6:49  Probe  
  48  6:52  Probe  
  50  7:01  Probe  
  50  7:03  Stalker  
  50  7:04  Stalker  
  55  7:16  Probe x2  
  55  7:18  Probe  
  58  7:25  Assimilator  
  58  7:28  Probe, Assimilator  
  58  7:29  Probe x2 (Chrono Boost)  
  60  7:30  Disruptor (Chrono Boost)  
  64  7:40  Probe (Chrono Boost)  
  64  7:41  Probe x2 (Chrono Boost)  
  67  7:52  Probe  
  68  8:04  Disruptor (Chrono Boost)  
  71  8:09  Stalker x4  
  71  8:10  Stalker  
  79  8:16  Probe  
  79  8:18  Probe x2  
  82  8:27  Probe  
  82  8:30  Probe x2  
  82  8:31  Protoss Ground Armor Level 1  
  85  8:37  Probe  
  85  8:38  Disruptor (Chrono Boost)  
  89  8:42  Probe x2  
  91  8:54  Stalker  
  91  8:55  Zealot x3  
  95  8:56  Zealot  
  95  9:01  Probe  
  101  9:03  Probe x2  
  101  9:08  Assimilator  
  104  9:11  Disruptor (Chrono Boost)  
  104  9:12  Probe, Assimilator  
  104  9:15  Probe x2  
  110  9:39  Zealot x3  
  116  9:50  Pylon  
  116  9:53  Pylon  
  116  9:56  Pylon  
  116  9:58  Pylon  
  116  10:01  Pylon  
  116  10:03  Pylon  
  116  10:09  Disruptor (Chrono Boost)  
  116  10:10  Twilight Council  
  116  10:12  Adept x3  
  116  10:13  Adept x2  
  129  10:22  Gateway  
  129  10:25  Gateway  
  129  10:27  Gateway  
  129  10:40  Disruptor (Chrono Boost)  
  112  10:50  Zealot x5  
  68  11:11  Zealot x4  
  68  11:12  Zealot  
  71  11:27  Disruptor (Chrono Boost)  
  74  11:33  Stalker x2  
  74  11:34  Stalker x3  
  74  11:38  Stalker x3  
  90  11:55  Disruptor  
  90  11:57  Nexus  
  90  11:59  Pylon  
  90  12:01  Pylon  
  93  12:08  Zealot x4  
  97  12:09  Zealot x3  
  97  12:15  Mothership Core  
Tags
 
Add a new tag
Caveats
  • Supply blocks, unpowered buildings, or Contaminate may cause inaccurate times.
  • Supply counts are checked every 10 seconds.